AoeStats
← HandledLeader97

MegaRandom

509667075Analyzed
2v2 RM · 4d ago on Sep 27, 2026· 26m 32s· 4 players
Game mode
Random Map
Map size
Medium (4 player)
Population
200
Speed
Normal
Resources
Standard
Victory
Conquest
Starting age
Dark Age
Ending age
Imperial Age
RankedLock teamsTeams togetherTeam positionsShared explorationLock speedFull tech treeHidden civsTurbo modeCheats
Victory
Defeat
🇨🇱 Bohemians · Chile
1166
+15
🇲🇽 Vietnamese · Mexico
1119
+17
🇺🇸 Inca · United States
1138
-16
🇺🇸 Berbers · United States
1136
-16
HandledLeader97
6:48 Loom
12:18 Feudal Age
16:02 Castle Age
15:11 Double-Bit Axe
16:46 Fletching
17:45 Bow Saw
20:48 Devotion
21:02 Redemption
21:08 Scale Mail Armor
23:05 Sanctity
[EDF] Yummy Buffet
6:25 Loom
11:36 Feudal Age
12:26 Man-at-Arms
16:54 Wheelbarrow
18:01 Town Watch
22:56 Castle Age
22:39 Padded Archer Armor
25:33 Bloodlines
25:37 Town Patrol
Tirano
9:18 Loom
11:07 Feudal Age
15:08 Castle Age
18:37 Fletching
Cid Hitokiri
12:06 Feudal Age
16:26 Castle Age
14:54 Fletching
16:59 Loom
17:25 Bodkin Arrow
24:03 Double-Bit Axe
Connection lost

Rejoining the realm…

Still unreachable

The connection could not be restored.

Session expired

The server has moved on; the page needs a fresh start.